 Dungeon Crawl Stone Soup version 0.26-a0-50-gc4d14cd (webtiles) character file.

Game seed: 7490902864147547588

144423 Faca the Warrior (level 16, -10/155 HPs)
             Began as a Pale Draconian Fighter on June 3, 2020.
             Was the Champion of Okawaru.
             Mangled by a merfolk impaler
             ... wielding a +1 trident of flaming
             ... summoned by a merfolk javelineer
              (20 damage)
             ... on level 3 of the Shoals on June 4, 2020.
             The game lasted 01:30:01 (43094 turns).

Faca the Warrior (Pale Draconian Fighter)          Turns: 43094, Time: 01:30:02

Health: -10/155    AC: 14    Str: 29    XL:     16   Next: 85%
Magic:  16/23      EV: 25    Int: 15    God:    Okawaru [******]
Gold:   1969       SH: 28    Dex: 18    Spells: 15/15 levels left

rFire    + + .     SeeInvis .   u - +6 double sword of Zatemofa {venom, rElec Stlth+}
rCold    + . .     Gourm    .   k - +0 tower shield
rNeg     + . .     Faith    .   (armour unavailable)
rPois    .         Spirit   .   P - +0 hat {MR+}
rElec    +         Reflect  +   A - +0 cloak
rCorr    .         Harm     .   r - +0 pair of gloves of Defence {rF++ rC+}
MR       ++++.                  y - +2 pair of boots of Lethargy {Dex+8 Slay-2}
Stlth    ++++......             D - amulet of reflection
HPRegen  0.35/turn              j - +6 ring of strength
MPRegen  0.18/turn              C - ring of Wyfetesi {+Fly rN+ MR++ Str-3 Int+6}

@: heroism, finesse
A: breathe steam, unfitting armour, cold-blooded, AC +9
a: Breathe Steam, Heroism, Finesse, Renounce Religion, Evoke Flight


You were on level 3 of the Shoals.
You worshipped Okawaru.
Okawaru was exalted by your worship.
You were hungry.

You visited 4 branches of the dungeon, and saw 26 of its levels.
You also visited: Bailey, Ice Cave and Volcano.

You collected 3174 gold pieces.
You spent 1205 gold pieces at shops.

Inventory:

Hand Weapons
 u - the +6 double sword of Zatemofa (weapon) {venom, rElec Stlth+}
   (Okawaru gifted it to you on level 3 of the Shoals)

   It poisons the flesh of those it strikes.
   It insulates you from electricity.
   It makes you more stealthy.
 S - a +2 demon blade of pain
Missiles
 i - 105 boomerangs (quivered)
 v - 17 javelins
 M - 9 throwing nets
Armour
 k - a +0 tower shield (worn)
 r - the +0 pair of gloves of Defence (worn) {rF++ rC+}
   (Okawaru gifted it to you on level 9 of the Dungeon)

   It greatly protects you from fire.
   It protects you from cold.
 y - the +2 pair of boots of Lethargy (worn) {Dex+8 Slay-2}
   (Okawaru gifted it to you on level 3 of the Lair of Beasts)

   It affects your dexterity (+8).
   It affects your accuracy and damage with ranged weapons and melee attacks
   (-2).
 A - a +0 cloak (worn)
 P - a +0 hat of magic resistance (worn)
Jewellery
 j - a +6 ring of strength (left hand)
 C - the ring of Wyfetesi (right hand) {+Fly rN+ MR++ Str-3 Int+6}
   (You acquired it on level 1 of the Lair of Beasts)

   [ring of intelligence]

   It affects your strength (-3).
   It affects your intelligence (+6).
   It protects you from negative energy.
   It affects your resistance to hostile enchantments.
   It lets you fly.
 D - an amulet of reflection (around neck)
 L - an uncursed ring of protection from cold
 O - an uncursed ring of poison resistance
Wands
 n - a wand of flame (20)
 s - a wand of disintegration (13)
 G - a wand of clouds (4)
 I - a wand of iceblast (4)
 J - a wand of digging (13)
 K - a wand of acid (30)
Scrolls
 a - 2 scrolls of fear
 b - 7 scrolls of identify
 e - 9 scrolls of teleportation
 f - 5 scrolls of magic mapping
 l - 5 scrolls of remove curse
 p - 5 scrolls of enchant armour
 q - 5 scrolls of enchant weapon
 z - a scroll of torment
 F - 2 scrolls of immolation
Potions
 c - 3 potions of might
 g - 4 potions of mutation
 h - 3 potions of invisibility
 o - 4 potions of lignification
 t - 3 potions of haste
 w - 3 potions of berserk rage
 B - 12 potions of curing
 E - 5 potions of resistance
 H - 2 potions of flight
 Q - 3 potions of cancellation
Miscellaneous
 m - a phantom mirror
Comestibles
 d - 37 rations


   Skills:
 + Level 17.1(22.1) Fighting
 + Level 15.8(20.8) Long Blades
 + Level 4.3(9.3) Throwing
 + Level 12.2(17.2) Dodging
 + Level 13.3(18.3) Shields
 - Level 10.0 Invocations


You had 15 spell levels left.
You didn't know any spells.
Your spell library contained the following spells:

 Spells                   Type           Power        Failure   Level  Hunger
 Animate Skeleton         Necr           N/A          54%         1    ##.....
 Apportation              Tloc           #.....       54%         1    ##.....
 Corona                   Hex            #......      54%         1    ##.....
 Freeze                   Ice            #...         54%         1    ##.....
 Magic Dart               Conj           #...         54%         1    ##.....
 Summon Butterflies       Summ           #.......     54%         1    ##.....
 Summon Small Mammal      Summ           #...         54%         1    ##.....
 Blink                    Tloc           N/A          67%         2    ###....
 Call Imp                 Summ           #.......     67%         2    ###....
 Slow                     Hex            #.......     67%         2    ###....
 Call Canine Familiar     Summ           #.......     88%         3    ####...
 Conjure Flame            Conj/Fire      #.......     88%         3    ####...
 Frozen Ramparts          Ice            #.....       88%         3    ####...
 Ignite Poison            Fire/Tmut/Pois #.......     88%         3    ####...
 Inner Flame              Hex/Fire       #.......     88%         3    ####...
 Lesser Beckoning         Tloc           #.........   88%         3    ####...
 Mephitic Cloud           Conj/Pois/Air  #.......     88%         3    ####...
 Ozocubu's Armour         Chrm/Ice       #.......     88%         3    ####...
 Portal Projectile        Hex/Tloc       #.....       88%         3    ####...
 Static Discharge         Conj/Air       #.......     88%         3    ####...
 Summon Guardian Golem    Hex/Summ       #.......     88%         3    ####...
 Tukima's Dance           Hex            #.......     88%         3    ####...
 Cause Fear               Hex            #.........   99%         4    #####..
 Hailstorm                Conj/Ice       #.......     99%         4    #####..
 Ice Form                 Ice/Tmut       #.......     99%         4    #####..
 Leda's Liquefaction      Hex/Erth       #.........   99%         4    #####..
 Summon Ice Beast         Ice/Summ       #.......     99%         4    #####..
 Summon Lightning Spire   Summ/Air       #.......     99%         4    #####..
 Alistair's Intoxication  Tmut/Pois      #.......     100%        5    ######.
 Fireball                 Conj/Fire      #.........   100%        5    ######.
 Lightning Bolt           Conj/Air       #.........   100%        5    ######.
 Metabolic Englaciation   Hex/Ice        #.........   100%        5    ######.
 Freezing Cloud           Conj/Ice/Air   #.........   100%        6    #######
 Invisibility             Hex            #.......     100%        6    #######
 Ozocubu's Refrigeration  Ice            #.........   100%        6    #######
 Simulacrum               Ice/Necr       #.........   100%        6    #######
 Starburst                Conj/Fire      #.........   100%        6    #######
 Ring of Flames           Chrm/Fire      #.........   100%        7    #######
 Ignition                 Fire           #.........   100%        8    #######
 Shatter                  Erth           #.........   100%        9    #######
 Tornado                  Air            #.........   100%        9    #######


Dungeon Overview and Level Annotations

Branches:
Dungeon (15/15)            Temple (0/1) D:7            Lair (6/6) D:9
 Shoals (3/4) Lair:3        Snake (0/4) Lair:4        Slime (0/5) Lair:6
    Orc (2/2) D:10            Elf (0/3) Orc:2        Vaults (0/5) D:13
 Depths (0/5) D:15         Bailey (visited)           IceCv (visited)
Volcano (visited)

Altars:
Ashenzari
Dithmenos
Fedhas
Kikubaaqudgha
Nemelex Xobeh
Okawaru
Qazlal
Ru
Sif Muna
Trog
Uskayaw
Wu Jian
The Shining One
Beogh

Shops:
D:7 *   D:9 %   D:10 *(   D:15 }   Orc:2 [::

Portals:
Trove: D:10 (give 5 potions of resistance)

Annotations:
D:13 32 runed doors
D:15 3 runed translucent doors, Magioz's ghost, journeyman NaIE


Innate Abilities, Weirdness & Mutations

You can breathe blasts of scalding, opaque steam.
Your pale cyan-grey scales are hard. (AC +9)
You cannot fit into any form of body armour.
You are cold-blooded and may be slowed by cold attacks.


Message History

You open the merfolk javelineer like a pillowcase!!!
You tail-slap the merfolk javelineer.
The merfolk javelineer is severely wounded.
You miss the merfolk javelineer.
The merfolk javelineer is severely wounded.
You block the merfolk impaler's attack.
The merfolk javelineer throws a javelin.
The javelin misses you. The faun hits you with a +0 club!
* * * LOW HITPOINT WARNING * * *
The merfolk hits you with a +0 halberd!!
* * * LOW HITPOINT WARNING * * *
You closely miss the merfolk javelineer.
The merfolk javelineer is severely wounded.
You block the merfolk's attack. x2; You block the manticore's attack.
The manticore claws you but does no damage.
The manticore completely misses you.
The merfolk hits you from afar with a +0 trident!
* * * LOW HITPOINT WARNING * * *
The merfolk impaler hits you from afar with a +1 trident of flaming!!
You die...

≈≈≈≈≈≈≈≈≈≈≈≈≈≈..≈≈.....≈..≈≈≈≈≈≈≈
≈≈≈≈≈≈≈≈≈≈≈≈≈≈..≈≈....≈≈..≈≈≈≈≈≈≈
≈≈≈≈≈≈≈≈≈≈≈≈≈≈.....≈≈≈≈≈≈≈≈≈≈≈≈≈≈
≈≈≈≈≈≈≈≈≈≈≈≈≈≈.........≈≈≈(≈≈≈≈≈≈
≈≈≈≈≈≈≈≈≈≈≈......tm...≈≈≈≈≈≈≈≈≈≈≈
≈≈≈≈≈≈≈≈.........m.....≈.≈≈≈≈≈≈≈≈
≈≈≈≈≈≈≈≈....≈..m.##...≈≈≈≈≈≈≈≈≈≈≈
≈≈≈≈≈≈≈≈≈≈≈≈≈.mm###...≈≈≈≈≈≈≈≈≈≈≈
≈≈≈≈≈≈≈≈≈≈≈≈≈.m≈@cm)..≈≈≈.....≈≈≈
≈≈≈≈≈≈≈≈≈≈≈≈≈≈≈mmH.≈.≈≈≈...##.≈≈≈
≈≈≈≈≈≈≈≈≈≈≈≈≈≈≈......≈≈≈..##*.≈≈≈
≈≈≈≈≈≈≈≈≈≈≈≈≈≈.....≈≈≈≈≈≈..##.≈≈≈
≈≈≈≈≈≈≈≈≈≈.≈≈≈..≈≈≈..≈≈≈≈....≈≈≈≈
≈≈≈≈≈≈≈≈≈≈.≈≈≈..≈≈≈.(..≈≈≈≈)≈≈≈≈≈
≈≈≈≈≈≈≈≈≈≈......≈≈≈≈≈≈.≈≈≈≈≈≈≈≈≈≈
≈≈≈≈≈≈≈≈≈≈≈.......≈≈≈≈≈≈≈≈≈≈≈≈≈≈≈
≈≈≈≈≈≈≈≈≈≈≈≈..((.≈≈≈≈≈≈≈≈≈≈≈≈≈≈≈≈


You could see a merfolk impaler (summoned, very poisoned), a merfolk javelineer
(very poisoned), 5 merfolk, a faun and a manticore (summoned).

Vanquished Creatures
  A sphinx (D:12)
  Polyphemus (Shoals:2)
  Gastronok (D:8)
  2 orc warlords
  A frost giant (IceCv)
  Azrael (D:14)
  A merfolk javelineer (Shoals:3)
  2 merfolk impalers
  A yaktaur captain (D:10)
  2 fire dragons (D:10)
  An ice dragon (D:10)
  6 hydras
  Erica (D:8)
  A merfolk avatar (Shoals:2)
  4 catoblepae
  6 two-headed ogres
  2 dancing weapons (D:13)
  3 centaur warriors
  9 death yaks
  4 orc high priests (Orc:2)
  2 tengu warriors
  A deep troll earth mage (D:10)
  2 skeletal warriors
  A hell knight (Volcano)
  A salamander mystic (Volcano)
  3 unseen horrors
  7 sea snakes
  A flayed ghost (D:10)
  Pikel (D:5)
  19 harpies
  A wizard (D:15)
  5 deep elf magi
  A wolf spider zombie (D:13)
  12 ugly things
  4 orc knights
  A necromancer (D:15)
  4 salamanders (Volcano)
  5 orc sorcerers
  8 cyclopes
  4 fauns
  Joseph (D:7)
  8 manticores
  5 black mambas
  4 water nymphs
  4 merfolk sirens
  5 centaur zombies
  An ice statue (IceCv)
  A naga mage (D:15)
  9 elephants
  10 spiny frogs
  3 centaur skeletons
  Psyche (D:8)
  Maggie (D:6)
  2 gargoyles
  A molten gargoyle (Volcano)
  7 komodo dragons
  2 efreet
  A rime drake (IceCv)
  25 merfolk
  A meliai (shapeshifter) (D:14)
  16 polar bears
  A tengu conjurer (D:11)
  2 hornets
  7 blink frogs
  7 trolls
  5 wind drakes
  Grinder (D:6)
  11 dream sheep
  9 hippogriffs
  2 meliai zombies
  4 snapping turtles
  2 shadows
  The ghost of willcat the Magician, an amateur DEEE of Ashenzari (D:4)
  A wyvern (D:8)
  4 water elementals
  75 yaks
  A vampire (D:15)
  Eustachio (D:5)
  4 fire elementals (D:14)
  3 hungry ghosts
  A fire bat (Volcano)
  6 vampire mosquitoes
  Menkaure (D:4)
  A naga (Lair:4)
  9 wargs
  2 acid dragons
  9 water moccasins
  A hell hound (D:14)
  8 porcupines
  Duvessa (D:6)
  14 ice beasts
  3 sky beasts
  6 black bears
  41 orc warriors
  3 slaves
  A phantom (D:10)
  An eye of draining (D:11)
  2 necrophages (D:6)
  9 wolves (IceCv)
  15 ogres
  7 centaurs
  9 crocodiles
  2 big kobolds (D:13)
  16 bullfrogs
  9 gnoll sergeants
  A wyvern zombie (D:11)
  Dowan (D:5)
  3 scorpions
  3 killer bees (D:9)
  3 wights (D:12)
  3 howler monkeys
  4 electric eels
  3 lava snakes (Volcano)
  10 crimson imps
  A quasit (D:7)
  4 bullfrog zombies
  A wyvern simulacrum (D:14)
  4 jellies
  43 orc priests
  5 hounds
  4 bullfrog skeletons
  6 gnoll shamans (Bailey)
  26 orc wizards
  3 hell rats (Lair:2)
  11 worker ants
  A hound skeleton (D:8)
  4 mummies (D:13)
  2 worker ant zombies
  20 gnolls
  6 river rats (Lair:2)
  18 adders
  4 shadow imps
  2 oozes
  3 adder skeletons
  4 worms
  3 dart slugs
  6 leopard geckos
  143 orcs
  8 bats
  8 giant cockroaches
  9 hobgoblins
  16 jackals
  5 quokkas
  A ball python (D:3)
  6 frilled lizards
  7 goblins
  A jackal skeleton (D:8)
  16 kobolds
  A leopard gecko zombie (D:6)
  2 quokka skeletons
  9 rats
1003 creatures vanquished.

Vanquished Creatures (others)
  A tengu conjurer (D:14)
  A polar bear (IceCv)
  4 wolves (IceCv)
  6 bushes (Lair:6)
  4 fungi
  26 plants
42 creatures vanquished.

Grand Total: 1045 creatures vanquished

Notes
Turn   | Place    | Note
-------+----------+-------------------------------------------
     0 | D:1      | Faca the Draconian Fighter began the quest for the Orb.
     0 | D:1      | Reached XP level 1. HP: 19/19 MP: 1/1
   663 | D:1      | Reached XP level 2. HP: 24/27 MP: 2/2
   950 | D:1      | Reached skill level 4 in Fighting
  1114 | D:1      | Reached XP level 3. HP: 33/33 MP: 3/3
  1482 | D:2      | Found a bloodstained altar of Trog.
  1799 | D:2      | Found an ornate altar of the Wu Jian Council.
  1882 | D:2      | Reached XP level 4. HP: 38/41 MP: 4/4
  2254 | D:3      | Found a sparkling altar of Nemelex Xobeh.
  2507 | D:3      | Reached skill level 5 in Fighting
  2507 | D:3      | Reached XP level 5. HP: 17/48 MP: 5/5
  3516 | D:4      | Found a runed translucent door.
  3540 | D:4      | Reached XP level 6. HP: 16/57 MP: 6/6
  4093 | D:4      | Reached skill level 6 in Fighting
  4093 | D:4      | Reached skill level 5 in Long Blades
  4110 | D:4      | Found an iron altar of Okawaru.
  4118 | D:4      | Became a worshipper of Warmaster Okawaru
  4238 | D:4      | Noticed Menkaure
  4251 | D:4      | Killed Menkaure
  4579 | D:4      | Noticed willcat's ghost (amateur DEEE)
  4854 | D:4      | Your scales start taking on a pale cyan-grey colour.
  4854 | D:4      | Reached XP level 7. HP: 63/64 MP: 7/7
  5135 | D:4      | Reached skill level 7 in Fighting
  5339 | D:5      | Entered Level 5 of the Dungeon
  5377 | D:5      | Reached * piety under Okawaru
  5696 | D:5      | Found a shimmering blue altar of Sif Muna.
  5987 | D:5      | Reached XP level 8. HP: 74/74 MP: 8/8
  6300 | D:5      | Found a glowing golden altar of the Shining One.
  6339 | D:6      | Reached skill level 8 in Fighting
  6373 | D:6      | Noticed Grinder
  6387 | D:6      | Noticed Maggie
  6392 | D:6      | Noticed Pikel
  6393 | D:6      | Noticed Dowan
  6472 | D:6      | Killed Maggie
  6472 | D:6      | Reached ** piety under Okawaru
  6710 | D:6      | Paralysed by Grinder for 5 turns
  6719 | D:6      | Killed Grinder
  6719 | D:6      | Reached skill level 9 in Fighting
  6859 | D:6      | Noticed Duvessa
  6872 | D:6      | Reached XP level 9. HP: 50/85 MP: 6/9
  6874 | D:6      | Killed Duvessa
  6891 | D:6      | Noticed Eustachio
  7111 | D:5      | Killed Dowan
  7128 | D:5      | Killed Eustachio
  7128 | D:5      | Reached skill level 10 in Fighting
  7154 | D:5      | Killed Pikel
  7154 | D:5      | Reached *** piety under Okawaru
  7518 | D:6      | Found a blossoming altar of Fedhas.
  7809 | D:7      | Noticed Joseph
  7823 | D:7      | Killed Joseph
  7823 | D:7      | Reached skill level 11 in Fighting
  7823 | D:7      | Reached skill level 10 in Long Blades
  7951 | D:7      | Found a stormy altar of Qazlal.
  8095 | D:7      | Found Jore's Assorted Antiques.
  8121 | D:7      | Found a stormy altar of Qazlal.
  8342 | D:7      | Found a staircase to the Ecumenical Temple.
  8899 | D:8      | Reached XP level 10. HP: 96/96 MP: 10/10
  9013 | D:8      | Noticed Psyche
  9023 | D:8      | Killed Psyche
  9183 | D:8      | Found a hide-covered altar of Uskayaw.
  9291 | D:8      | Reached **** piety under Okawaru
  9338 | D:8      | You fall into a shaft and drop 1 floor!
  9564 | D:8      | Noticed Erica
  9572 | D:8      | Killed Erica
  9572 | D:8      | Reached ***** piety under Okawaru
  9599 | D:8      | Found a shattered altar of Ashenzari.
  9633 | D:8      | Noticed Gastronok
  9651 | D:8      | Killed Gastronok
  9651 | D:8      | Reached skill level 12 in Fighting
  9651 | D:8      | Reached skill level 5 in Shields
  9661 | D:8      | Reached skill level 5 in Dodging
 10232 | D:8      | Reached XP level 11. HP: 104/104 MP: 11/11
 10577 | D:9      | Found a sacrificial altar of Ru.
 11127 | D:9      | Found a sparkling altar of Nemelex Xobeh.
 11414 | D:9      | Found a staircase to the Lair.
 11630 | D:9      | Found Muagrerch's Food Emporium.
 11683 | D:9      | Received a gift from Okawaru
 11691 | D:9      | Got a pair of shimmering gloves {god gift}
 11702 | D:9      | Identified the +0 pair of gloves of Defence {rF++ rC+}
                  | (Okawaru gifted it to you on level 9 of the Dungeon)
 11767 | D:10     | Entered Level 10 of the Dungeon
 11779 | D:10     | Found Teaxyt's Assorted Antiques.
 11816 | D:10     | Bought a scroll labeled NUITTIS DORON for 25 gold pieces
 11816 | D:10     | Bought 2 smoky puce potions for 45 gold pieces
 11816 | D:10     | Bought a scroll labeled TYHURY UMILEO for 25 gold pieces
 11816 | D:10     | Bought a scroll labeled WYTUIMMA VUNIG for 25 gold pieces
 11816 | D:10     | Bought a grey potion for 22 gold pieces
 12016 | D:10     | Found Kilofuv's Antique Weapon Shop.
 12045 | D:10     | Reached ****** piety under Okawaru
 12077 | D:10     | Found a shadowy altar of Dithmenos.
 12101 | D:10     | Found a staircase to the Orcish Mines.
 12238 | D:10     | Found a runed translucent door.
 12238 | D:10     | Noticed a fire dragon
 12238 | D:10     | Noticed a yaktaur captain
 12238 | D:10     | Noticed a deep elf mage
 12240 | D:10     | Noticed a deep troll earth mage
 12240 | D:10     | Noticed a flayed ghost
 12240 | D:10     | Noticed a fire dragon
 12240 | D:10     | Noticed an ice dragon
 12274 | D:10     | Noticed a two-headed ogre
 12280 | D:10     | Killed a two-headed ogre
 12509 | D:10     | Found a portal to a secret trove of treasure.
 12893 | D:11     | You fall into a shaft and drop 1 floor!
 12899 | D:12     | Noticed a brown ugly thing
 12910 | D:12     | Noticed a four-headed hydra
 12910 | D:12     | Killed a brown ugly thing
 12928 | D:12     | Killed a one-headed hydra
 12931 | D:12     | Reached skill level 13 in Fighting
 13641 | D:11     | Noticed a deep elf mage
 13644 | D:11     | Noticed a centaur warrior
 13646 | D:11     | Killed a deep elf mage
 13657 | D:11     | Killed a centaur warrior
 13660 | D:11     | Noticed a green ugly thing
 13664 | D:11     | Reached XP level 12. HP: 102/115 MP: 12/12
 13999 | D:11     | Received a gift from Okawaru
 15559 | D:12     | Noticed a sphinx
 15636 | Lair:1   | Entered Level 1 of the Lair of Beasts
 15749 | Lair:1   | Found a dark tunnel.
 15795 | Volcano  | Entered a volcano
 16004 | Volcano  | Found a radiant altar of Vehumet.
 16506 | Lair:1   | Reached skill level 14 in Fighting
 16877 | Lair:1   | Reached skill level 1 in Invocations
 17165 | Lair:1   | Identified a scroll of acquirement
 17166 | Lair:1   | Got the ring of Wyfetesi {+Fly rN+ MR++ Str-3 Int+6}
 17462 | Lair:2   | Received a gift from Okawaru
 17559 | Lair:2   | Reached XP level 13. HP: 118/124 MP: 14/14
 19267 | Lair:3   | Found a staircase to the Shoals.
 19487 | Lair:3   | Received a gift from Okawaru
 19523 | Lair:3   | Got a pair of masterwork boots {god gift}
 19534 | Lair:3   | Identified the +2 pair of boots of Lethargy {Dex+8 Slay-2}
                  | (Okawaru gifted it to you on level 3 of the Lair of Beasts)
 20972 | Lair:4   | Reached skill level 10 in Shields
 21131 | Lair:4   | Found a staircase to the Snake Pit.
 21949 | Lair:6   | Entered Level 6 of the Lair of Beasts
 22204 | Lair:6   | Reached skill level 5 in Invocations
 22261 | Lair:6   | Found a staircase to the Slime Pits.
 22728 | Lair:6   | Received a gift from Okawaru
 22731 | Lair:6   | Got a spiked buckler {god gift}
 22958 | Lair:6   | Identified the +6 buckler of Objectivity {rF+ Stlth+}
                  | (Okawaru gifted it to you on level 6 of the Lair of Beasts)
 23170 | Lair:6   | Reached XP level 14. HP: 75/133 MP: 18/18
 24306 | Lair:6   | Reached skill level 15 in Fighting
 25127 | Orc:1    | Entered Level 1 of the Orcish Mines
 25368 | Orc:1    | Found a flagged portal.
 25384 | Bailey   | Entered a bailey
 26062 | Orc:1    | Noticed an orc warlord
 26099 | D:10     | Killed an orc warlord
 26099 | D:10     | Reached skill level 10 in Dodging
 26491 | Orc:2    | Entered Level 2 of the Orcish Mines
 26973 | Orc:2    | Found a roughly hewn altar of Beogh.
 27075 | Orc:2    | Received a gift from Okawaru
 27135 | Orc:2    | Found Canouhoyvo's Book Boutique.
 27275 | Orc:2    | Found Luvik's Book Shop.
 27923 | Orc:2    | Found a staircase to the Elven Halls.
 28354 | Orc:2    | Noticed an orc warlord
 28384 | Orc:2    | Killed an orc warlord
 28477 | Orc:2    | Found a roughly hewn altar of Beogh.
 28589 | Orc:2    | Received a gift from Okawaru
 29171 | Orc:2    | Found Iluxou's Antique Armour Boutique.
 29279 | Orc:2    | Found Siynikh's Armour Emporium.
 29445 | Orc:2    | Bought a tower shield for 135 gold pieces
 29445 | Orc:2    | Bought a pair of glowing boots for 225 gold pieces
 29590 | D:10     | Bought a scroll of enchant armour for 187 gold pieces
 29590 | D:10     | Bought a scroll of identify for 50 gold pieces
 29634 | D:10     | Bought a glowing scimitar for 196 gold pieces
 29700 | D:12     | Killed a sphinx
 29853 | D:13     | Reached XP level 15. HP: 135/143 MP: 21/21
 29867 | D:13     | Found a frozen archway.
 29914 | IceCv    | Entered an ice cave
 29937 | IceCv    | Upgraded the game from 0.26-a0-43-g20b394c to
                  | 0.26-a0-50-gc4d14cd
 30575 | IceCv    | Noticed a frost giant
 30615 | IceCv    | Killed a frost giant
 30774 | D:13     | Found a huge runed gate.
 30774 | D:13     | Found a huge runed gate.
 30774 | D:13     | Found a huge runed gate.
 30774 | D:13     | Found a huge runed gate.
 30774 | D:13     | Found a huge runed gate.
 30774 | D:13     | Found a huge runed gate.
 30774 | D:13     | Found a huge runed gate.
 30782 | D:13     | Found a huge runed gate.
 30782 | D:13     | Found a huge runed gate.
 30782 | D:13     | Found a huge runed gate.
 30782 | D:13     | Found a huge runed gate.
 30915 | D:13     | Found a huge runed gate.
 30915 | D:13     | Found a huge runed gate.
 30915 | D:13     | Found a huge runed gate.
 30915 | D:13     | Found a huge runed gate.
 30920 | D:13     | Found a huge runed gate.
 30920 | D:13     | Found a huge runed gate.
 30920 | D:13     | Found a huge runed gate.
 30920 | D:13     | Found a huge runed gate.
 30920 | D:13     | Found a huge runed gate.
 30963 | D:13     | Found a gate to the Vaults.
 30969 | D:13     | Reached skill level 16 in Fighting
 31213 | D:13     | Found a huge runed gate.
 31213 | D:13     | Found a huge runed gate.
 31213 | D:13     | Found a huge runed gate.
 31221 | D:13     | Found a huge runed gate.
 31221 | D:13     | Found a huge runed gate.
 31221 | D:13     | Found a huge runed gate.
 31221 | D:13     | Found a huge runed gate.
 31221 | D:13     | Found a huge runed gate.
 31221 | D:13     | Found a huge runed gate.
 31603 | D:13     | Received a gift from Okawaru
 31718 | D:13     | Found a huge runed gate.
 31718 | D:13     | Found a huge runed gate.
 31718 | D:13     | Found a huge runed gate.
 32468 | D:14     | Noticed Azrael
 32499 | D:14     | Killed Azrael
 32896 | D:15     | Entered Level 15 of the Dungeon
 33960 | D:15     | Found Bacax's Gadget Boutique.
 34163 | D:15     | Noticed a lich
 34163 | D:15     | Noticed Magioz's ghost (journeyman NaIE)
 34164 | D:15     | Found a runed translucent gate.
 34164 | D:15     | Found a runed translucent gate.
 34164 | D:15     | Found an ancient bone altar of Kikubaaqudgha.
 34164 | D:15     | Found a runed translucent gate.
 34164 | D:15     | Noticed a lich
 34164 | D:15     | Noticed a lich
 34165 | D:15     | Noticed a lich
 34253 | D:15     | Reached skill level 15 in Long Blades
 34369 | D:15     | Found a staircase to the Depths.
 35170 | D:15     | Bought a wand of digging (5) for 270 gold pieces
 35380 | Shoals:1 | Entered Level 1 of the Shoals
 35617 | D:4      | Killed willcat's ghost
 35858 | D:10     | Received a gift from Okawaru
 35858 | D:10     | Reached XP level 16. HP: 60/152 MP: 19/23
 35872 | D:10     | Reached skill level 10 in Invocations
 36506 | Shoals:1 | Reached skill level 1 in Throwing
 37747 | Shoals:2 | Noticed Polyphemus
 38022 | Shoals:2 | Killed Polyphemus
 39641 | Shoals:2 | Found a glowing golden altar of the Shining One.
 40380 | Shoals:2 | Received a gift from Okawaru
 40816 | Shoals:3 | Reached skill level 17 in Fighting
 43050 | Shoals:3 | Received a gift from Okawaru
 43053 | Shoals:3 | Got a warped double sword {god gift}
 43054 | Shoals:3 | Identified the +6 double sword of Zatemofa {venom, rElec
                  | Stlth+} (Okawaru gifted it to you on level 3 of the Shoals)
 43094 | Shoals:3 | Mangled by a merfolk impaler

Illustrated notes

Levels and vault maps discovered:
D:1:      lightli_arrival_chessboard, layout_basic
D:2:      layout_basic, bloody_trog, nicolae_overflow_crystal_walls,
          grunt_ministairs_1
D:3:      layout_basic, old_standard_altar
D:4:      minmay_clustersquares, layout_basic, ebering_ghost_reflecting_pool,
          serial_forest, infiniplex_forest_straight_4,
          infiniplex_forest_clump_diagonal, infiniplex_forest_zigzag_1,
          infiniplex_forest_end_2, infiniplex_forest_lined_2,
          infiniplex_forest_lined_3, infiniplex_forest_lined_2,
          corexii_leaking_fountain, okawaru_gym_becter, uniq_menkaure
D:5:      layout_loops_ring, tso_oasis_becter, kennysheep_mini_moat,
          first_ration
D:6:      layout_rooms, fedhas_altar_3, uniq_maggie, uniq_duvessa,
          uniq_eustachio, uniq_pikel, uniq_grinder
D:7:      cheibrodos_quashed, layout_basic, grunt_qazlal_clouds,
          lemuel_temple_firewalk_b, serial_shops, nicolae_shop_stone,
          basic_altar, grunt_ogre_cave, uniq_joseph
D:8:      layout_layer_cave, lemuel_crystal_altar, lemuel_round_altar,
          uniq_erica, uniq_psyche, uniq_gastronok
D:9:      layout_irregular_city, nicolae_ru_path_of_blood,
          erik_lair_orcish_takeover, serial_shops, shop, basic_altar,
          minivault_26
D:10:     minmay_gate_of_8, layout_irregular_city, orc_0_dummy, enter_trove_0,
          basic_altar, serial_shops, nicolae_shop_statue_plus,
          nicolae_shop_overgrown_old_shop
D:11:     layout_layer_cave, minivault_11, minmay_the_grid_2x2
          [minmay_the_grid_minigrid_large, minmay_the_grid_rooms,
          minmay_the_grid_empty, minmay_the_grid_prize_inner_circle]
D:12:     kennysheep_funnel, layout_basic
D:13:     lemuel_ice_spiral_2, layout_basic, erik_vaults_1, serial_undead,
          serial_undead_d, serial_undead_d, serial_undead_d, serial_undead_c,
          portal_ice_cave_entry_ice_beasts, door_vault
D:14:     layout_basic, minmay_misc_feat_doors, uniq_azrael
D:15:     grunt_enter_depths_magical_seal, layout_basic, gammafunk_ghost_crypt,
          minivault_27, serial_shops, shop_statue
Lair:1:   beast_lair_carwin_large_1, layout_chaotic_city,
          nicolae_volcano_entry_lava_flow
Lair:2:   layout_layer_cave, kennysheep_abandoned_house, grunt_megastairs_2
Lair:3:   layout_small_grid, shoals_dummy_entry, infiniplex_staircase_pool_2,
          serial_bayou_shore_a, grunt_megastairs_3, lemuel_fruit_tree
Lair:4:   layout_regular_city, guppyfry_snake_entry_garden
Lair:5:   layout_long_grid
Lair:6:   evilmike_catoblepas_cave, layout_regular_city, slime_dummy,
          serial_forest, infiniplex_forest_straight_5, infiniplex_forest_pool,
          infiniplex_forest_clump_medium, infiniplex_forest_clump_curved,
          infiniplex_forest_lined_2, infiniplex_forest_straight_2,
          infiniplex_forest_lined_room_2
Shoals:1: layout_shoals, nicolae_shoals_wave_tunnel
Shoals:2: layout_shoals, lemuel_centaur_altar, uniq_polyphemus
Shoals:3: layout_shoals, uniq_aizul
Orc:1:    layout_caves, enter_bailey_2
Orc:2:    pubby_orc_utopia

Skill      XL: |  1  2  3  4  5  6  7  8  9 10 11 12 13 14 15 16 |
---------------+-------------------------------------------------+-----
Fighting       | 4 5 6 7 9 11 12 13 14 15 16 17 | 17.1
Long Blades    | 3 4 5 6 8 10 11 12 13 14 15 | 15.8
Dodging        | 5 6 8 9 10 11 12 | 12.2
Shields        | 5 7 9 10 11 12 13 | 13.3
Invocations    | 2 5 8 9 10 | 10.0
Throwing       | 4 |  4.3

Action                   |  1- 3 |  4- 6 |  7- 9 | 10-12 | 13-15 | 16-18 || total
-------------------------+-------+-------+-------+-------+-------+-------++-------
Melee: Long sword        |   102 |   192 |   356 |    78 |       |       ||   728
       Tailslap          |     8 |    31 |    55 |   140 |   486 |   156 ||   876
       Dagger            |       |    12 |       |       |       |       ||    12
       Scimitar          |       |       |       |   700 |  2002 |   388 ||  3090
       Double sword      |       |       |       |       |       |   159 ||   159
Throw: Boomerang         |       |       |     7 |     1 |     1 |    21 ||    30
Invok: Heroism           |       |       |     4 |     8 |     7 |     2 ||    21
       Finesse           |       |       |       |       |     4 |     1 ||     5
 Abil: Breathe Steam     |       |       |    10 |    16 |    19 |       ||    45
Evoke: Wand              |       |       |       |       |     5 |       ||     5
  Use: Scroll            |     1 |     7 |     8 |    13 |    11 |     8 ||    48
       Potion            |       |     4 |     3 |     2 |     3 |    11 ||    23
 Stab: Sleeping          |       |     1 |       |       |     7 |       ||     8
       Petrified         |       |       |       |       |       |     7 ||     7
  Eat: Chunk             |     3 |     7 |    14 |    28 |    53 |    19 ||   124
       Ration            |       |     1 |       |     1 |     3 |     1 ||     6
Armor: Skin              |    38 |    57 |   100 |   106 |   201 |    98 ||   600
Dodge: Dodged            |    68 |    93 |   142 |   290 |   700 |   312 ||  1605
Block: Kite shield       |    53 |   108 |   219 |   639 |   416 |       ||  1435
       Reflection        |       |       |     5 |    20 |    28 |    77 ||   130
       Buckler           |       |       |       |       |   656 |       ||   656
       Tower shield      |       |       |       |       |   689 |   809 ||  1498
       Rpst.: Long sword |    16 |    30 |    28 |     4 |       |       ||    78
       Scimitar          |       |       |       |    64 |   145 |    33 ||   242
       Double sword      |       |       |       |       |       |    17 ||    17

Table legend:
 A = Non-vault XP
 B = Vault XP
 C = Vault XP percentage of total XP
 D = Non-vault monster count
 E = Vault monster count
 F = Vault count percentage of total count
                 A         B        C        D         E       F
            +---------+---------+-------+---------+---------+-------
      Total |  112291 |   94028 |  45.6 |     606 |     395 |  39.5
            +---------+---------+-------+---------+---------+-------
        D:1 |      52 |       0 |   0.0 |      25 |       0 |   0.0
        D:2 |      71 |       1 |   1.4 |      23 |       1 |   4.2
        D:3 |     110 |       0 |   0.0 |      24 |       0 |   0.0
        D:4 |     300 |     642 |  68.2 |      21 |      10 |  32.3
        D:5 |     470 |     949 |  66.9 |      25 |       3 |  10.7
        D:6 |    1072 |     805 |  42.9 |      24 |       3 |  11.1
        D:7 |     277 |     633 |  69.6 |      14 |       2 |  12.5
        D:8 |    1605 |    3519 |  68.7 |      24 |       3 |  11.1
        D:9 |    2926 |     670 |  18.6 |      50 |      10 |  16.7
       D:10 |    4581 |    6417 |  58.3 |      28 |       8 |  22.2
       D:11 |    3349 |    4485 |  57.3 |      23 |      17 |  42.5
       D:12 |    2875 |    3212 |  52.8 |      24 |       3 |  11.1
       D:13 |    4334 |    4943 |  53.3 |      32 |      18 |  36.0
       D:14 |    5479 |    2139 |  28.1 |      18 |       6 |  25.0
       D:15 |   11727 |    4255 |  26.6 |      34 |       9 |  20.9
     Lair:1 |    2288 |    2031 |  47.0 |       9 |       9 |  50.0
     Lair:2 |    3244 |     742 |  18.6 |      10 |      17 |  63.0
     Lair:3 |    4374 |     676 |  13.4 |      14 |       2 |  12.5
     Lair:4 |    7043 |     163 |   2.3 |      24 |       1 |   4.0
     Lair:5 |    4067 |       0 |   0.0 |      17 |       0 |   0.0
     Lair:6 |    7440 |   10096 |  57.6 |      24 |      23 |  48.9
   Shoals:1 |    9846 |    5980 |  37.8 |      20 |      12 |  37.5
   Shoals:2 |   22483 |    2683 |  10.7 |      51 |       5 |   8.9
   Shoals:3 |   10263 |       0 |   0.0 |      20 |       0 |   0.0
      Orc:1 |    2015 |       0 |   0.0 |      28 |       0 |   0.0
      Orc:2 |       0 |   20197 | 100.0 |       0 |     143 | 100.0
     Bailey |       0 |    1209 | 100.0 |       0 |      30 | 100.0
      IceCv |       0 |   12742 | 100.0 |       0 |      48 | 100.0
    Volcano |       0 |    4839 | 100.0 |       0 |      12 | 100.0
            +---------+---------+-------+---------+---------+-------
